 Dungeon Sprint DCSS version 0.21-a0-297-ga3d34c2 (webtiles) character file.

32 potatolord6000 the Martial Artist (level 7, 0/68 HPs)
             Began as a Gnoll Transmuter on Sept 28, 2017.
             Was a Believer of Sif Muna.
             Slain by an adder simulacrum (1 damage)
             ... in the Dungeon (Sprint VI: "Thunderdome").
             The game lasted 00:03:48 (291 turns).

potatolord6000 the Martial Artist (Gnoll Transmuter) Turns: 291, Time: 00:03:49

Health: 0/68       AC:  6    Str: 15    XL:     7   Next: 76%
Magic:  16/18      EV: 14    Int: 15    God:    Sif Muna [**....]
Gold:   280        SH:  0    Dex: 15    Spells: 16/21 levels left

rFire    . . .     SeeInvis .     - Unarmed
rCold    + + +     Gourm    .   (shield currently unavailable)
rNeg     . . .     Faith    .   (armour currently unavailable)
rPois    +         Spirit   .   (helmet currently unavailable)
rElec    +         Reflect  .   (cloak currently unavailable)
rCorr    +         Harm     .   (gloves currently unavailable)
MR       .....     NoTele   +   (boots currently unavailable)
Stlth    +++.......             (no amulet)
HPRegen  0.21/turn              (no ring)
MPRegen  0.16/turn              (no ring)

@: ice-form (expiring), resistant, very slightly contaminated, hasted, very
quick
A: distributed training, strong nose
a: End Transformation, Divine Energy, Renounce Religion


You were in the Dungeon.
You worshipped Sif Muna.
Sif Muna was pleased with you.
You were not hungry.
You were a creature of crystalline ice.
You visited 1 branch You collected 280 gold pieces.

Inventory:

Missiles
 a - 12 arrows
Armour
 b - a +0 robe (melded)
Scrolls
 j - 3 scrolls of blinking
 k - 3 scrolls of fog
Potions
 g - 2 potions of haste
 h - 2 potions of magic
Books
 c - a book of Changes

   Spells                             Type                      Level
   a - Beastly Appendage              Transmutation                1
   b - Sticks to Snakes               Transmutation                2
   c - Spider Form                    Transmutation/Poison         3
   d - Ice Form                       Ice/Transmutation            4
   e - Blade Hands                    Transmutation                5
Comestibles
 d - a bread ration


   Skills:
 + Level 5.9 Fighting
 + Level 5.8 Short Blades
 + Level 5.1 Long Blades
 + Level 5.1 Axes
 + Level 6.0 Maces & Flails
 + Level 5.3 Polearms
 + Level 5.4 Staves
 + Level 4.8 Slings
 + Level 5.0 Bows
 + Level 6.0 Crossbows
 + Level 5.5 Throwing
 + Level 5.0 Armour
 + Level 7.0 Dodging
 + Level 5.8 Stealth
   Level 0.0 Stabbing
 + Level 5.8 Shields
   Level 0.0 Traps
 + Level 9.1 Unarmed Combat
 + Level 7.6 Spellcasting
 + Level 5.9 Conjurations
 + Level 6.0 Hexes
 + Level 5.7 Charms
 + Level 5.1 Summonings
 + Level 6.4 Necromancy
 + Level 5.8 Translocations
 + Level 7.1 Transmutations
 + Level 5.7 Fire Magic
 + Level 5.7 Ice Magic
 + Level 5.1 Air Magic
 + Level 5.5 Earth Magic
 + Level 5.7 Poison Magic
 + Level 5.3 Invocations
 + Level 5.3 Evocations


You had 16 spell levels left.
You knew the following spells:

 Your Spells              Type           Power        Failure   Level  Hunger
a - Beastly Appendage     Tmut           ####..       1%          1    None
b - Ice Form              Ice/Tmut       ###.....     9%          4    ####...


Dungeon Overview and Level Annotations

Branches:
Dungeon (1/1)

Altars:
Cheibriados
Dithmenos
Fedhas
Gozag
Kikubaaqudgha
Makhleb
Okawaru
Qazlal
Ru
Sif Muna
Trog
Uskayaw
Vehumet
Wu Jian
Xom
Yredelemnul
Zin
The Shining One
Beogh
Jiyva
Lugonu

Shops:
D *[%??*?*:[((!!!!


Innate Abilities, Weirdness & Mutations

Your experience applies equally to all skills.
((You have very sharp teeth.))
Your uncanny sense of smell can sniff out nearby items.


Message History

Your Maces & Flails skill increases to level 6!
Your Bows skill increases to level 5!
Your Crossbows skill increases to level 6!
Your Armour skill increases to level 5!
Your Dodging skill increases to level 7!
Your Unarmed Combat skill increases to level 9!
Your Hexes skill increases to level 6!
Your Summonings skill increases to level 5!
Your Transmutations skill increases to level 7!
Your Air Magic skill increases to level 5!
The adder simulacrum misses you.
Unknown command.
Unknown command.
You closely miss the adder simulacrum.
Unknown command.
You completely miss the adder simulacrum.
The adder simulacrum bites you.
* * * LOW HITPOINT WARNING * * *
The adder simulacrum freezes you. You resist.
You die...

#.....# ##.....##
##∩.....∩## #∩.......∩#
#_......._# #_......._#
#_........# ###.........###
#⌠.......Y...⌠#
######.8.......Z.8.######
##∩__.).)...###......___∩##
##∩........8.# #.8........∩#
.............###............
....†.....###...###.........
..........# #.<.# #.........
..........###...# #.........
.............###............


You could see an adder simulacrum.

Vanquished Creatures
  A water elemental (D)
  4 ice beasts (D)
  A big kobold (D)
  3 scorpions (D)
  An adder (D)
  A leopard gecko (D)
  A goblin (D)
  A jackal (D)
13 creatures vanquished.

Notes
Turn   | Place    | Note
-------+----------+-------------------------------------------
     0 | D        | potatolord6000 the Gnoll Transmuter began the quest for the Orb.
     0 | D        | Reached XP level 1. HP: 17/17 MP: 6/6
     1 | D        | Found a shimmering altar of Xom.
     2 | D        | Found a blossoming altar of Fedhas.
     2 | D        | Found an opulent altar of Gozag.
     3 | D        | Found a viscous altar of Jiyva.
     3 | D        | Found a burning altar of Makhleb.
     4 | D        | Found a radiant altar of Vehumet.
     4 | D        | Found an iron altar of Okawaru.
     4 | D        | Found Win Xoeh's Staff Store.
     4 | D        | Found Osaude Jius's Magic Scroll Shop.
     5 | D        | Found Vedysm's Must-Have Magic.
     5 | D        | Found Uckir's Magic Scroll Shop.
     5 | D        | Round 1.
     7 | D        | Found a snail-covered altar of Cheibriados.
    26 | D        | Found a stormy altar of Qazlal.
    26 | D        | Found a corrupted altar of Lugonu.
    28 | D        | Found Nogug's Bee Food.
    30 | D        | Found Xyal's Jewellery.
    30 | D        | Found Bapyge's Advanced Armour.
    32 | D        | Found a deep blue altar of Sif Muna.
    32 | D        | Found a glowing golden altar of the Shining One.
    32 | D        | Found a bloodstained altar of Trog.
    32 | D        | Found Jagiog's Identification Station.
    34 | D        | Noticed a scorpion
    47 | D        | Killed a scorpion
    47 | D        | Reached skill level 1 in Long Blades
    47 | D        | Reached skill level 1 in Staves
    47 | D        | Reached skill level 1 in Slings
    47 | D        | Reached skill level 1 in Bows
    47 | D        | Reached skill level 1 in Armour
    47 | D        | Reached skill level 7 in Unarmed Combat
    47 | D        | Reached skill level 5 in Spellcasting
    47 | D        | Reached skill level 1 in Conjurations
    47 | D        | Reached skill level 1 in Summonings
    47 | D        | Reached skill level 5 in Transmutations
    47 | D        | Reached skill level 1 in Fire Magic
    47 | D        | Reached skill level 1 in Earth Magic
    47 | D        | Reached skill level 1 in Evocations
    47 | D        | Reached XP level 2. HP: 13/24 MP: 5/8
    47 | D        | Reached XP level 3. HP: 15/29 MP: 6/10
    49 | D        | Found a sacrificial altar of Ru.
    50 | D        | Found an ancient bone altar of Kikubaaqudgha.
    62 | D        | Found a shadowy altar of Dithmenos.
    91 | D        | Found Batuq's Premium Goods.
    93 | D        | Found Neat's Miscellaneous Merchandise.
    93 | D        | Found Paulif's Basic Armour.
    94 | D        | Noticed a scorpion
    96 | D        | Found a hide-covered altar of Uskayaw.
    96 | D        | Found a glowing silver altar of Zin.
    96 | D        | Found a basalt altar of Yredelemnul.
    96 | D        | Found Imuycoid's Weapon Rack.
   107 | D        | Reached XP level 4. HP: 35/35 MP: 9/11
   109 | D        | Reached skill level 5 in Dodging
   119 | D        | Learned a level 4 spell: Ice Form
   128 | D        | Became a worshipper of Sif Muna the Loreminder
   151 | D        | Arena points: 14 (+14) [x2]
   151 | D        | Reached XP level 5. HP: 29/42 MP: 7/13
   167 | D        | Round 2.
   187 | D        | Noticed a big kobold
   192 | D        | Killed a big kobold
   192 | D        | Reached * piety under Sif Muna
   192 | D        | Reached skill level 8 in Unarmed Combat
   192 | D        | Reached XP level 6. HP: 41/49 MP: 13/15
   193 | D        | Noticed Ijyb
   237 | D        | Arena points: 32 (+18) [x3]
   252 | D        | Round 3.
   257 | D        | Found Onaod's Distillery.
   257 | D        | Noticed an ice beast
   257 | D        | Noticed a water elemental
   257 | D        | Noticed an ice beast
   258 | D        | Noticed an ice beast
   258 | D        | Found Fenuth's Distillery.
   258 | D        | Found Usoosat's Bottled Wisdom.
   259 | D        | Noticed an ice beast
   259 | D        | Found a roughly hewn altar of Beogh.
   259 | D        | Found an ornate altar of the Wu Jian Council.
   259 | D        | Found Rasawaev's Do-It-Yourself Clinic.
   266 | D        | Killed an ice beast
   266 | D        | Reached skill level 5 in Fighting
   266 | D        | Reached skill level 5 in Maces & Flails
   266 | D        | Reached skill level 5 in Hexes
   266 | D        | Reached skill level 5 in Necromancy
   277 | D        | Killed a water elemental
   277 | D        | Reached ** piety under Sif Muna
   277 | D        | Reached skill level 5 in Short Blades
   277 | D        | Reached skill level 5 in Crossbows
   277 | D        | Reached skill level 5 in Stealth
   277 | D        | Reached skill level 5 in Shields
   277 | D        | Reached skill level 5 in Conjurations
   277 | D        | Reached skill level 5 in Charms
   277 | D        | Reached skill level 5 in Translocations
   277 | D        | Reached skill level 5 in Fire Magic
   277 | D        | Reached skill level 5 in Ice Magic
   277 | D        | Reached skill level 5 in Poison Magic
   277 | D        | Reached XP level 7. HP: 16/56 MP: 15/17
   280 | D        | Reached skill level 5 in Polearms
   280 | D        | Reached skill level 5 in Staves
   280 | D        | Reached skill level 5 in Throwing
   280 | D        | Reached skill level 5 in Earth Magic
   286 | D        | Reached skill level 5 in Axes
   286 | D        | Reached skill level 5 in Invocations
   286 | D        | Reached skill level 5 in Evocations
   286 | D        | HP: 3/68 [ice beast (2)]
   289 | D        | Reached skill level 5 in Long Blades
   289 | D        | Reached skill level 5 in Bows
   289 | D        | Reached skill level 5 in Armour
   289 | D        | Reached skill level 9 in Unarmed Combat
   289 | D        | Reached skill level 5 in Summonings
   289 | D        | Reached skill level 5 in Air Magic
   291 | D        | HP: 1/68 [adder simulacrum (3)]
   291 | D        | Slain by an adder simulacrum

Vault maps used:
D:        arena_sprint

Skill      XL: |  1  2  3  4  5  6  7 |
---------------+----------------------+-----
Fighting       | 3 4 5 |  5.9
Short Blades   | 2 3 4 5 |  5.8
Long Blades    | 1 2 3 4 5 |  5.1
Axes           | 2 3 4 5 |  5.1
Maces & Flails | 2 3 4 5 6 |  6.0
Polearms       | 2 3 4 5 |  5.3
Staves         | 1 3 4 5 |  5.4
Slings         | 1 2 3 4 |  4.8
Bows           | 1 2 3 4 5 |  5.0
Crossbows      | 2 3 4 5 6 |  6.0
Throwing       | 2 3 4 5 |  5.5
Armour         | 1 2 3 4 5 |  5.0
Stealth        | 2 3 5 |  5.8
Shields        | 2 3 4 5 |  5.8
Unarmed Combat | 7 8 9 |  9.1
Spellcasting   | 5 6 7 |  7.6
Conjurations   | 1 2 3 5 |  5.9
Hexes          | 2 3 4 5 6 |  6.0
Charms         | 2 3 4 5 |  5.7
Summonings     | 1 2 3 4 5 |  5.1
Necromancy     | 2 3 4 5 6 |  6.4
Translocations | 2 3 4 5 |  5.8
Transmutations | 5 6 7 |  7.1
Fire Magic     | 1 2 3 4 5 |  5.7
Ice Magic      | 2 3 5 |  5.7
Air Magic      | 2 3 4 5 |  5.1
Earth Magic    | 1 2 3 4 5 |  5.5
Poison Magic   | 2 3 5 |  5.7
Invocations    | 2 3 4 5 |  5.3
Evocations     | 1 3 4 5 |  5.3
Dodging        | 5 6 7 |  7.0

Action                   |  1- 3 |  4- 6 |  7- 9 || total
-------------------------+-------+-------+-------++-------
Melee: Unarmed           |    15 |    55 |    14 ||    84
       Bite              |     2 |     3 |       ||     5
       Kick              |     1 |       |       ||     1
       Headbutt          |       |     1 |       ||     1
 Cast: Beastly Appendage |     3 |       |       ||     3
       Ice Form          |       |     2 |       ||     2
  Use: Potion            |     5 |     4 |       ||     9
       Scroll            |       |     1 |       ||     1
 Stab: Distracted        |       |     1 |       ||     1
Armor: Robe              |     1 |     2 |       ||     3
       Skin              |       |     5 |     3 ||     8
Dodge: Dodged            |    16 |    55 |    13 ||    84

Table legend:
 A = Spawn XP
 B = Non-spawn XP
 C = Spawn XP percentage of total XP
 D = Spawn monster count
 E = Non-spawn monster count
 F = Spawn count percentage of total count
 G = Total turns spent on level
                    A         B        C        D         E        F      G
               +---------+---------+-------+---------+---------+-------+---------
         Total |       0 |    1061 |   0.0 |       0 |      13 |   0.0 |   291
               +---------+---------+-------+---------+---------+-------+---------
             D |       0 |    1061 |   0.0 |       0 |      13 |   0.0 |   291
               +---------+---------+-------+---------+---------+-------+---------
